[Event "US Masters 2024"]
[Site "Charlotte"]
[Date "2024.11.30"]
[Round "5.1"]
[White "Burke, John M"]
[Black "Caruana, Fabiano"]
[Result "0-1"]
[ECO "C02"]
[WhiteElo "2573"]
[BlackElo "2805"]
[Annotator "RC"]
[PlyCount "134"]
[EventDate "2024.09.23"]
[EventType "swiss"]
[EventCountry "USA"]
[SourceTitle "playchess.com"]
[Source "ChessBase"]
[SourceQuality "1"]
[TimeControl "5400+30"]

1. e4 e6 2. d4 d5 3. e5 c5 4. c3 Nc6 5. Nf3 Bd7 6. Be2 Nge7 7. O-O cxd4 8. cxd4 Nf5 9. Nc3 a6 10. Kh1 Rc8 11. a3 Be7 12. g4 Nh4 13. Nxh4 Bxh4 14. f4 Be7 15. Rf3 Qb6 16. Be3 Na5 17. Rb1 Nc4 18. Bf2 Qc6 19. Na2 a5 20. Rc3 a4 21. Nc1 b5 22. Bd3 Qb7 23. Ne2 h5 24. gxh5 Rxh5 25. Qg1 Kf8 26. Qg4 g6 27. Rc2 Kg7 28. Ng1 Rch8 29. Nf3 b4 30. axb4 Qxb4 31. Qg1 a3 32. bxa3 Qxa3 33. Qf1 Ba4 34. Ra1 Qb4 35. Be1 Qb3 36. Qe2 Bc6 37. Kg1 Qb6 38. Rca2 Rb8 39. Ra6 Qb5 40. Ra7 Rb7 41. Ra8 Rc7 42. R8a2 Qb8 43. Bf2 Rb7 44. Bg3 Rb3 45. Kh1 Rh8 46. Rg1 Kf8 47. Ng5 Qb6 48. Bf2 Bxg5 49. fxg5 Rh3 50. Rg3 Rxg3 51. hxg3 Qd8 52. Bc2 Rb8 53. Qg4 Kg7 54. Qf4 Kg8 55. Ra7 Rb7 56. Rxb7 Bxb7 57. Kg2 Bc6 58. Kh3 Qe8 59. Be1 Ba4 60. Bd3 Nb2 61. Bb1 Bb5 62. Bc3 Bd3 63. Bxb2 Bxb1 64. Qc1 Be4 65. Qc5 Kg7 66. g4 Qh8+ 67. Kg3 Qh1 0-1

[Event "US Masters 2024"]
[Site "Charlotte"]
[Date "2024.11.30"]
[Round "5.2"]
[White "Theodorou, Nikolas"]
[Black "Park, Evan"]
[Result "1-0"]
[ECO "D02"]
[WhiteElo "2612"]
[BlackElo "2375"]
[Annotator "TA"]
[PlyCount "59"]
[EventDate "2024.09.23"]
[EventType "swiss"]
[EventCountry "USA"]
[SourceTitle "playchess.com"]
[Source "ChessBase"]
[SourceQuality "1"]
[TimeControl "5400+30"]

1. d4 Nf6 2. Nf3 d5 3. Bf4 e6 4. e3 c5 5. Nbd2 Nc6 6. c3 Bd6 7. Bg3 O-O 8. Bd3 g6 9. O-O Nh5 10. Bxd6 Qxd6 {[%emt 0:00:29] The position is equal.} 11. Re1 Nf6 12. dxc5 Qxc5 13. e4 dxe4 14. Nxe4 Nxe4 15. Bxe4 a5 16. h4 a4 17. Qc1 Kg7 18. b4 axb3 19. axb3 Rxa1 20. Qxa1 Rd8 (20... Qb6 $11) 21. b4 $14 Qc4 22. h5 {[%emt 0:08:44][%cal Bh4h5,Bh5h6][%mdl 32] Black must now prevent Bxc6.} f6 23. Qc1 e5 {[%emt 0:01:45] Against Qf4} (23... gxh5 $11 24. Nd2 Qb5) 24. h6+ Kg8 25. Qe3 {[%emt 0:00:04] [#] aiming for Qb6.} Bg4 $2 {[%emt 0:03:59][%mdl 8192] This costs Black the game.} ({Black should try} 25... Qb5 $14) 26. Qb6 $18 Rd7 27. b5 Nd8 28. Qxf6 Bxf3 29. Bxf3 Qxc3 {[%emt 0:00:52] [#]} 30. Bd5+ $1 {[%emt 0:00:17][%mdl 512] Weighted Error Value: White=0.05 (flawless) /Black=0.61.  Loses game:     	---       	Black=1      Mistake:       	---       	Black=2      Inaccurate:     	---       	Black=3      OK:         	White=6     	Black=6      Best:        	White=3     	Black=1} 1-0

[Event "US Masters 2024"]
[Site "Charlotte"]
[Date "2024.11.30"]
[Round "5.3"]
[White "Moradiabadi, Elshan"]
[Black "Oparin, Grigoriy"]
[Result "1/2-1/2"]
[ECO "E16"]
[WhiteElo "2515"]
[BlackElo "2653"]
[Annotator "TA"]
[PlyCount "62"]
[EventDate "2024.09.23"]
[EventType "swiss"]
[EventCountry "USA"]
[SourceTitle "playchess.com"]
[Source "ChessBase"]
[SourceQuality "1"]
[TimeControl "5400+30"]

1. d4 Nf6 2. c4 e6 3. Nf3 b6 4. g3 Bb7 5. Bg2 Bb4+ 6. Bd2 c5 7. O-O O-O 8. Nc3 cxd4 9. Nb5 Be7 10. Nbxd4 Na6 11. Rc1 Nc5 12. Bf4 a6 13. Ne1 (13. b4 $5 Nce4 $8 14. Qb3 $11) 13... d5 14. Nd3 Rc8 15. Nb3 (15. Ne5 {with more complications.} Bd6 16. b4 Nce4 17. cxd5 Bxd5 18. Nec6) 15... dxc4 16. Ndxc5 $1 Bxg2 17. Qxd8 Rfxd8 18. Kxg2 cxb3 19. Nxb3 Nd5 {[%emt 0:00:18] Against Bc7} 20. Rxc8 Rxc8 21. Rc1 Nxf4+ 22. gxf4 Rxc1 23. Nxc1 $11 {[%emt 0:00:02][%mdl 4096] Endgame. KB-KN} f5 24. Nd3 Bd6 25. h3 Kf7 26. Kf3 h6 27. b3 Ke7 28. Ke3 Kf6 29. Kf3 Ke7 30. Ke3 Kf6 31. Kf3 Ke7 {[%emt 0:00:06] An interesting draw.   Weighted Error Value: White=0.07 (flawless) /Black=0.07 (flawless) .  Inaccurate:     	White=1     	Black=2      OK:         	White=10    	Black=9      Strong:       	White=1     	---} 1/2-1/2

[Event "US Masters 2024"]
[Site "Charlotte"]
[Date "2024.11.29"]
[Round "5.4"]
[White "Samant Aditya S"]
[Black "Durarbayli, Vasif"]
[Result "1/2-1/2"]
[ECO "C88"]
[WhiteElo "2478"]
[BlackElo "2626"]
[Annotator "TA"]
[PlyCount "38"]
[EventDate "2024.09.23"]
[EventType "swiss"]
[EventCountry "USA"]
[SourceTitle "playchess.com"]
[Source "ChessBase"]
[SourceQuality "1"]
[TimeControl "5400+30"]

1. e4 e5 2. Nf3 Nc6 3. Bb5 a6 4. Ba4 Nf6 5. O-O Be7 6. Re1 b5 7. Bb3 O-O 8. h3 Bb7 9. d3 d6 10. a3 Qd7 11. Nc3 Rfe8 12. Bg5 Nd8 13. d4 exd4 {[%emt 0:00:51] White is slightly better.} 14. Nd5 {[%emt 0:04:27] The position is equal.} Nxd5 15. exd5 Bxg5 16. Rxe8+ Qxe8 17. Nxg5 h6 18. Nf3 c5 {[%emt 0:01:05] [#] And now ...Qe4 would win.} 19. dxc6 Nxc6 {[%emt 0:01:18] An uneventful encounter.   Weighted Error Value: White=0.00 (flawless) /Black=0.00 (flawless) .  OK:         	White=5     	Black=5      Best:        	White=1     	---} 1/2-1/2

[Event "US Masters 2024"]
[Site "Charlotte"]
[Date "2024.11.30"]
[Round "5.5"]
[White "Donchenko, Alexander"]
[Black "Koustav Chatterjee"]
[Result "1-0"]
[ECO "C54"]
[WhiteElo "2617"]
[BlackElo "2510"]
[Annotator "TA"]
[PlyCount "91"]
[EventDate "2024.09.23"]
[EventType "swiss"]
[EventCountry "USA"]
[SourceTitle "playchess.com"]
[Source "ChessBase"]
[SourceQuality "1"]
[TimeControl "5400+30"]

1. e4 e5 2. Nf3 Nc6 3. Bc4 Nf6 4. d3 Bc5 5. c3 d6 6. O-O a5 7. Re1 O-O 8. h3 Be6 {[%emt 0:00:59] The position is equal.} 9. Bb5 Ba7 10. d4 {[%emt 0:02:57] Strongly threatening d5.} Ne7 11. Bf1 Ng6 12. Be3 exd4 13. cxd4 d5 (13... Nxe4 14. d5 Bxe3 15. Rxe3 $16) 14. e5 Ne4 15. Nc3 f5 16. exf6 $1 Qxf6 17. Nxe4 $1 dxe4 18. Ng5 h6 19. Nxe4 (19. Nxe6 $1 $16 Qxe6 20. d5) 19... Qf7 $14 20. Qh5 Bb6 21. Nc5 Bd5 22. Rac1 Rad8 23. b3 Rd6 24. Na4 Ba7 25. Nc3 {[%emt 0:00:47] Threatens to win with Nxd5.} c6 26. Nxd5 cxd5 27. Bd3 Rf6 28. Qg4 ({Better is} 28. Red1) 28... Nf4 $16 29. Bb1 {[%emt 0:00:23] This pair of bishops is nice.} (29. Bf1 $16) 29... Ne6 (29... h5 $14 30. Qd1 Bb8) 30. Qe2 {[%emt 0:08:01] White is more active.} Qd7 31. Qd3 {[%emt 0:01:39] Hoping for Qh7+.} Nf4 $2 (31... g5 $16 32. Re2 Bb6) 32. Qh7+ $18 Kf7 33. Bxf4 Rxf4 {[%emt 0:00:06] [#] Black is weak on the light squares} 34. Rc7 $2 Qxc7 {[%emt 0:00:23] [#]} 35. Bg6+ $1 (35. Qg6+ Kg8 36. Qh7+ Kf7 37. Bg6+ (37. Qg6+ Kg8 $18) 37... Kf6 $18) 35... Kf6 36. Bh5 $40 {[%emt 0:00:04][%mdl 128] Black is in trouble.} Qf7 {[%emt 0:02:55] Against Qg6+} ({Weaker is} 36... Kg5 37. Qg6+ Kh4 38. Bf3 Bxd4 39. Qh5#) (36... Re4 {was called for.} 37. Qg6+ (37. Rxe4 dxe4 38. Qg6+ Ke7 $18) 37... Ke7 38. Qxg7+ (38. Rxe4+ dxe4 39. Qxg7+ Kd6 $18) 38... Kd6 39. Qxh6+ (39. Qxf8+ Qe7 $18) 39... Ke7 40. Qg7+ Kd6 41. Qxf8+ Qe7 42. Qxe7+ Rxe7 43. Rxe7 Kxe7) 37. Bxf7 Rxf7 38. g3 Rf5 (38... Rxd4 39. Qc2 h5) 39. Rd1 {[%emt 0:01:59] White is clearly winning.} Rf8 40. Kg2 Re8 41. Rd2 {[%emt 0:01:42] Against Re2} Rf8 42. Rd3 Bb6 {[%emt 0:01:57] [#]} 43. Qxf5+ $3 Kxf5 44. Rf3+ Ke4 45. Rxf8 Bxd4 46. Kf1 {[%emt 0:00:14] Weighted Error Value: White=0.31/Black=0.40.  Loses game:     	---       	Black=1      Missed win:     	---       	Black=1      Mistake:       	White=3     	Black=3      Inaccurate:     	---       	Black=6      OK:         	White=10    	Black=10     Best:        	White=5     	Black=2      Strong:       	White=2     	---} 1-0

[Event "US Masters 2024"]
[Site "Charlotte"]
[Date "2024.11.30"]
[Round "5.6"]
[White "Antipov, Mikhail Al."]
[Black "Panchanathan, Magesh Chandran"]
[Result "1/2-1/2"]
[ECO "C42"]
[WhiteElo "2602"]
[BlackElo "2461"]
[Annotator "TA"]
[PlyCount "92"]
[EventDate "2024.09.23"]
[EventType "swiss"]
[EventCountry "USA"]
[SourceTitle "playchess.com"]
[Source "ChessBase"]
[SourceQuality "1"]
[TimeControl "5400+30"]

1. e4 e5 2. Nf3 d6 3. Bc4 Be7 4. O-O Nf6 5. d3 O-O 6. Nc3 h6 {[%emt 0:01:51] C42: Petroff Defence: 3 Nxe5 and unusual White 3rd moves.} 7. h3 Re8 8. a4 Bf8 9. Re1 a5 10. Be3 c6 11. Ba2 $146 ({Predecessor:} 11. Bb3 Na6 12. d4 exd4 13. Bxd4 Be6 14. Bxe6 Rxe6 15. Qd2 Qe7 16. e5 dxe5 17. Rxe5 {0-1 Xu,Y (2496)-Bosiocic,M (2555) Julius Baer GenCup Pl/In rapid 2024 (2)}) 11... d5 12. Bd2 d4 13. Ne2 Nfd7 14. c3 c5 15. Nh2 Qb6 16. f4 Nc6 17. f5 c4 18. cxd4 cxd3 19. Nc3 Nb4 20. Bb3 exd4 (20... Qxd4+ $6 21. Be3 Qd6 22. Nb5 $11) 21. Nb5 {[%emt 0:00:42] [#]} Nc5 (21... Nc2 $1 $17 22. Bxf7+ Kxf7 23. Qh5+ Ke7 (23... g6 24. fxg6+ Kg8 25. g7 $11)) 22. Bxb4 $2 (22. Bxf7+ $1 $11 {and White has nothing to worry.} Kxf7 23. Qh5+ Ke7 (23... g6 24. fxg6+ Ke7 25. Qe5+ Ne6 26. Rf1 $16) 24. e5) 22... Nxb3 $19 23. Bxf8 Nxa1 (23... d2 24. Qxb3 dxe1=B (24... dxe1=R+ $2 25. Rxe1 Rxf8 26. Qd3 $19) 25. Bxg7 Rxe4 26. Qf3 d3+ 27. Kh1) 24. Bxg7 Kxg7 25. Qg4+ (25. Rf1 $142 Kh8 26. Qh5) 25... Kh7 $2 (25... Qg6 $19 26. Qd1 Bxf5 27. exf5 Qg3 (27... Qxf5 28. Rxe8 Rxe8 29. Nd6 $11) (27... Rxe1+ $2 28. Qxe1 Qg5 29. Nf1 $19)) 26. Qh5 Rg8 (26... Qf6 $6 27. Ng4 Qg7 28. e5 $11 (28. Rxa1 $2 Rxe4 29. Nd6 Re2 $19)) 27. Ng4 $2 {[%emt 0:06:44] [#]} (27. Rxa1 $17 {was forced.} Bd7 28. Ng4) 27... Nc2 $1 $19 (27... Rxg4 28. hxg4 Kg8 (28... Qf6 29. e5 $11) 29. Rxa1 $11) 28. e5 $2 (28. Rd1 {was the only chance.} Ne3 29. Qxf7+ Kh8 30. Rxd3 Bxf5 (30... Nxg4 $2 31. hxg4 Rxg4 32. Qe7 $19) 31. exf5) 28... Bxf5 (28... Rxg4 29. hxg4 Qd8 (29... Nxe1 30. Qxf7+ Kh8 31. f6) 30. Qxf7+ Kh8 31. Nd6 $16) 29. Qxf7+ $2 (29. Qxf5+ Qg6 30. Qxg6+ Rxg6 31. Rd1) 29... Rg7 30. Qxf5+ Qg6 31. Qxg6+ Kxg6 32. Rd1 h5 33. Nf2 Ne3 34. Rxd3 (34. Rd2 $142) 34... Kh6 35. g4 hxg4 36. Nxd4 gxh3+ 37. Kh1 Rf8 38. Rxe3 Rxf2 39. e6 h2 (39... Rxb2 $2 40. Nf5+ Kg5 41. Nxg7 $18) 40. Ne2 (40. Re1 $142 Re7 (40... Rxb2 $2 {perishes.} 41. Nf5+ Kh7 42. Nxg7 $18) 41. Nb5) 40... Re7 (40... Rgg2 $142 {( -> ...Rf1+)} 41. Rh3+ Kg7 42. Rg3+ Rxg3 43. Nxg3 Rxb2 44. Nh5+ Kf8) 41. Nc3 $19 Rxb2 $2 (41... Rd2 $19 42. Ne4 Rd1+ (42... Rxb2 $2 43. Nf6 $19) 43. Kxh2 Rxe6) 42. Nd5 $11 Rg7 43. Rh3+ Kg5 44. Rg3+ Kh6 45. Rh3+ Kg6 46. Rg3+ Kh6 (46... Kh7 $5 47. Nf6+ $8 Kh6 48. Rxg7 Kxg7 $11) 1/2-1/2

[Event "US Masters 2024"]
[Site "Charlotte"]
[Date "2024.11.29"]
[Round "5.7"]
[White "Heimann, Mark"]
[Black "Nyzhnyk, Illya"]
[Result "1/2-1/2"]
[ECO "D13"]
[WhiteElo "2459"]
[BlackElo "2576"]
[Annotator "TA"]
[PlyCount "29"]
[EventDate "2024.09.23"]
[EventType "swiss"]
[EventCountry "USA"]
[SourceTitle "playchess.com"]
[Source "ChessBase"]
[SourceQuality "1"]
[TimeControl "5400+30"]

1. d4 d5 2. c4 c6 3. cxd5 cxd5 4. Bf4 Nc6 5. e3 Nf6 6. Nc3 a6 7. Rc1 Bf5 8. Nf3 e6 9. Qb3 Ra7 10. Ne5 Nxe5 11. Bxe5 Nd7 12. Bg3 Be7 {[%emt 0:05:12] The position is equal.} 13. f3 O-O 14. Be2 b5 15. Bf2 {[%emt 0:10:31] White got outplayed after the opening.   Weighted Error Value: White=0.09 (flawless) /Black=0.02 (flawless) .  Mistake:       	White=1     	---        OK:         	White=1     	Black=1} ({White should try} 15. a4 $11) 1/2-1/2

[Event "US Masters 2024"]
[Site "Charlotte"]
[Date "2024.11.30"]
[Round "5.8"]
[White "Preotu, Razvan"]
[Black "Woodward, Andy"]
[Result "0-1"]
[ECO "A17"]
[WhiteElo "2475"]
[BlackElo "2525"]
[Annotator "RC"]
[PlyCount "68"]
[EventDate "2024.09.23"]
[EventType "swiss"]
[EventCountry "USA"]
[SourceTitle "playchess.com"]
[Source "ChessBase"]
[SourceQuality "1"]
[TimeControl "5400+30"]

1. Nf3 d5 2. e3 Nf6 3. c4 e6 4. Nc3 b6 5. cxd5 exd5 6. b4 a6 7. Bb2 Bb7 8. Ne2 Nbd7 9. Rb1 Bd6 10. Ng3 g6 11. Bd3 Qe7 12. O-O O-O 13. Nd4 Ne5 14. Bc2 Rfb8 15. Ba1 c5 16. bxc5 bxc5 17. Ndf5 gxf5 18. Nxf5 Qe6 19. f4 Nc4 20. Qf3 Ne4 21. Bxe4 dxe4 22. Qg4+ Qg6 23. Qxg6+ hxg6 24. Nxd6 Nxd2 25. Rxb7 Rxb7 26. Nxb7 Nxf1 27. Kf2 Nxh2 28. Nxc5 f5 29. Ke2 Kf7 30. a4 Ng4 31. a5 Ke7 32. Bd4 Kd6 33. Kd2 Kc6 34. Ne6 Re8 0-1

[Event "US Masters 2024"]
[Site "Charlotte"]
[Date "2024.11.30"]
[Round "5.9"]
[White "Liang, Awonder"]
[Black "Prithu Gupta"]
[Result "1-0"]
[ECO "C85"]
[WhiteElo "2687"]
[BlackElo "2412"]
[Annotator "TA"]
[PlyCount "75"]
[EventDate "2024.09.23"]
[EventType "swiss"]
[EventCountry "USA"]
[SourceTitle "playchess.com"]
[Source "ChessBase"]
[SourceQuality "1"]
[TimeControl "5400+30"]

1. e4 e5 2. Nf3 Nc6 3. Bb5 a6 4. Ba4 Nf6 5. O-O Be7 6. Bxc6 dxc6 7. d3 Nd7 8. Nc3 O-O 9. Be3 c5 10. a4 {[%emt 0:01:14] The position is equal.} f6 11. Nh4 Rf7 12. Nf5 (12. Qg4 {is interesting.} Nb8 13. Nf5 Kh8 14. f4) 12... Bf8 13. a5 (13. Qg4 {with more complications.} Kh8 14. Qh5 Kg8 15. h3) 13... Nb8 14. f4 Nc6 15. fxe5 Nxe5 16. Kh1 Be6 17. Bf4 Qd7 18. Bg3 g6 19. Ne3 Bd6 20. Ncd5 Raf8 21. Bf4 g5 22. Bxe5 fxe5 23. Qh5 (23. Rxf7 {simplifies} Qxf7 24. Qe2 Qg6 25. g4) 23... Bxd5 24. exd5 Rxf1+ 25. Rxf1 Rxf1+ 26. Nxf1 $14 {[%emt 0:00:08][%mdl 4096] Endgame. KQB-KQN} Qf5 27. Qe2 Qf4 28. g3 Qc1 ({Better is} 28... Qd4) 29. b3 $16 Qa1 30. Kg2 Qxa5 {[%emt 0:00:06] [#]} (30... Qd4 $16) 31. Qh5 ({White should try} 31. Nd2 $1 $18) 31... Qc3 {[%emt 0:09:11] This move loses the game for Black.} (31... Qe1 $16) 32. Qxg5+ $18 Kf7 33. Ne3 {[%emt 0:00:30] Strongly threatening Ng4.} Qd4 (33... Qd2+ 34. Kh3 Qe2 35. Qf5+ Kg7) 34. Qf5+ Kg7 35. Qd7+ Kf8 36. Qc8+ Kf7 37. Qe6+ Kf8 38. Nf5 {[%emt 0:01:00][%csl LRd4,LRd6] Weighted Error Value: White=0.08 (flawless) /Black=0.28 (precise) .  Mistake:       	White=1     	Black=4      Inaccurate:     	White=2     	Black=2      OK:         	White=8     	Black=11     Best:        	White=2     	---} 1-0

[Event "US Masters 2024"]
[Site "Charlotte"]
[Date "2024.11.30"]
[Round "5.10"]
[White "Bilych, Oleksii"]
[Black "Bok, Benjamin"]
[Result "0-1"]
[ECO "C92"]
[WhiteElo "2429"]
[BlackElo "2593"]
[Annotator "TA"]
[PlyCount "74"]
[EventDate "2024.09.23"]
[EventType "swiss"]
[EventCountry "USA"]
[SourceTitle "playchess.com"]
[Source "ChessBase"]
[SourceQuality "1"]
[TimeControl "5400+30"]

1. e4 e5 2. Nf3 Nc6 3. Bb5 a6 4. Ba4 Nf6 5. O-O Be7 6. Re1 b5 7. Bb3 d6 8. c3 O-O 9. h3 Bb7 10. d4 Re8 11. Nbd2 Bf8 12. Bc2 g6 13. a3 Bg7 14. Nf1 Na5 15. Ng3 exd4 16. cxd4 {[%emt 0:00:47][%cal Bc3d4,Bd4d5][%mdl 32] The position is equal.} c5 17. d5 $1 Nd7 18. Rb1 Nc4 19. b3 Nce5 20. Nh2 {[%emt 0:02:57] And now f4 would win.} Nb6 21. a4 b4 22. f4 Ned7 23. Nf3 {[%emt 0:00:05] Against Bd4+} (23. a5 $1 $11 {remains equal.} Bd4+ 24. Kf1 (24. Be3 $2 Bxe3+ 25. Rxe3 Nxd5 $19)) 23... a5 $17 {[%emt 0:00:20] Black is more active.} 24. f5 c4 25. Bf4 Nc5 26. h4 cxb3 27. Bxb3 Nxb3 28. Qxb3 Qd7 29. Ra1 Rac8 30. h5 gxf5 ({Black should play} 30... Rc3 $19 31. Qd1 Ba6) 31. h6 $2 Bxa1 $19 32. Rxa1 {[%emt 0:00:05] [#] Nh5 is the strong threat.} fxe4 33. Nh5 Qf5 {[%emt 0:01:37] Dodges Nf6+} (33... exf3 $2 {is the wrong capture.} 34. Nf6+ Kf8 35. Nxd7+ Nxd7 36. Bxd6+ (36. gxf3 Ne5 $18) 36... Kg8 37. Qxf3 $18) (33... Nxd5 $19 34. Nd4 Kh8) 34. Nh4 $11 Qxh5 35. Qg3+ Kf8 36. Qg7+ $2 (36. Bxd6+ $11 Re7 37. Rf1) 36... Ke7 $19 {[%emt 0:00:07] [#] White must now prevent ...Rg8.} 37. Bg5+ Kd7 {[%emt 0:00:29] Weighted Error Value: White=0.89/Black=0.35.  Loses game:     	White=2     	---        Missed win:     	---       	Black=1      Mistake:       	White=1     	Black=1      Inaccurate:     	White=3     	Black=1      OK:         	White=5     	Black=13     Best:        	---       	Black=2      Strong:       	White=1     	---} 0-1

[Event "US Masters 2024"]
[Site "Charlotte"]
[Date "2024.11.30"]
[Round "5.11"]
[White "Chasin, Nico"]
[Black "Zhou, Jianchao"]
[Result "0-1"]
[ECO "B92"]
[WhiteElo "2412"]
[BlackElo "2581"]
[Annotator "TA"]
[PlyCount "64"]
[EventDate "2024.09.23"]
[EventType "swiss"]
[EventCountry "USA"]
[SourceTitle "playchess.com"]
[Source "ChessBase"]
[SourceQuality "1"]
[TimeControl "5400+30"]

1. e4 c5 2. Nf3 d6 3. d4 cxd4 4. Nxd4 Nf6 5. Nc3 a6 6. Be2 e5 7. Nb3 Be7 8. O-O O-O 9. Qd3 Be6 10. Nd5 Nxd5 11. exd5 Bc8 12. a4 {[%emt 0:00:42] The position is equal.} a5 13. f4 Nd7 14. fxe5 Nxe5 15. Qg3 Bh4 16. Qc3 Bd7 17. Be3 Bg5 18. Qd2 h6 19. Nd4 Bxe3+ 20. Qxe3 Qb6 21. Ra3 Rae8 {[%emt 0:03:56][%cal Oe5g4] aiming for ...Ng4!} 22. Qf2 Qc5 (22... Qxb2 $15 23. Rb3 Qa2) 23. Rg3 (23. Nf5 {simplifies} Qxf2+ 24. Rxf2 Bxf5 25. Rxf5 Rc8 26. c3) 23... Qxd5 24. Bb5 (24. Rd1 $15 Qc5 (24... Bxa4 $2 {too greedy.} 25. Rxg7+ Kh8 26. Qf6 $18) 25. Rc3) 24... Ng4 $17 25. Qd2 {[%emt 0:02:54] [#]} Bxb5 26. axb5 Re4 27. c3 {[%emt 0:00:55] [#]} (27. Nb3 $17 Qe5 (27... Qxb5 28. Qxa5 Qc6 29. Qf5 $17) 28. Qc3) 27... Rfe8 $1 $36 {[%emt 0:02:29][%mdl 2048] Black has strong initiative.} 28. h3 Ne3 29. Rff3 (29. Ra1 $142) 29... Qe5 30. Kf2 $2 (30. Qf2 Nf1 (30... Nd1 $2 31. Qc2 $19) 31. Qxf1) 30... Nc4 31. Qd1 Re1 32. Qd3 Nxb2 {[%emt 0:00:15] Weighted Error Value: White=0.82/Black=0.04 (flawless) .  Mistake:       	White=4     	Black=1      Inaccurate:     	White=3     	Black=1      OK:         	White=4     	Black=10     Best:        	---       	Black=3      Strong:       	---       	Black=1} 0-1

[Event "US Masters 2024"]
[Site "Charlotte"]
[Date "2024.11.30"]
[Round "5.12"]
[White "Matviishen, Viktor"]
[Black "Shlyakhtenko, Robert"]
[Result "1-0"]
[ECO "D52"]
[WhiteElo "2566"]
[BlackElo "2422"]
[Annotator "TA"]
[PlyCount "97"]
[EventDate "2024.09.23"]
[EventType "swiss"]
[EventCountry "USA"]
[SourceTitle "playchess.com"]
[Source "ChessBase"]
[SourceQuality "1"]
[TimeControl "5400+30"]

1. d4 d5 2. c4 c6 3. Nf3 Nf6 4. Nc3 e6 5. Bg5 Nbd7 6. e3 h6 7. Bf4 Be7 8. a3 O-O {[%emt 0:05:11] The position is equal.} 9. g4 Ne4 (9... Nxg4 10. Rg1 h5 11. h3 $14) 10. h4 e5 11. dxe5 Nxc3 12. bxc3 Qa5 13. Qc2 Nc5 {[%emt 0:04:15] [#]} (13... Nb6 $11 {keeps the balance.}) 14. Nd4 $1 $16 Ne4 (14... Bxg4 15. Rg1 h5 16. f3 $11) 15. cxd5 cxd5 16. f3 Qxc3+ (16... Nxc3 $2 {perishes.} 17. Nb3 Qc7 18. e6 $18) 17. Qxc3 Nxc3 18. h5 Bd7 19. Rg1 Kh8 20. g5 hxg5 21. Bxg5 Rfe8 22. Kd2 Na4 23. Bxe7 Rxe7 24. f4 Nc5 25. Bg2 Rd8 (25... f6 $14) 26. Rac1 ({Don't do} 26. Bxd5 Be6 27. Bxe6 Nxe6 $14) 26... b6 27. Bf3 Ba4 28. Rc3 Rc7 29. Ke2 Rdd7 30. Rgc1 Rd8 31. Kf1 Kg8 32. Kg2 Rcd7 (32... Kh7 $16 33. Bg4 Bd7) 33. Rxc5 (33. Kh3 $18) 33... bxc5 $14 34. Rxc5 {[%emt 0:00:02] [#] Ra5 would now be deadly.} a6 (34... Rb7 $14) 35. f5 $16 {[%emt 0:00:41][%mdl 1024] White has strong compensation.} Bb5 36. e6 Rd6 37. Kg3 {[%emt 0:00:58] White is much more active.} Kf8 $2 {[%emt 0:02:28][%mdl 8192] A mistake that costs the game.} (37... Be8 $16 {is tougher.} 38. Rc7 Ra8) 38. Rc7 $18 fxe6 39. Nxe6+ Rxe6 (39... Kg8 $142 40. Rxg7+ Kh8) 40. fxe6 {[%emt 0:00:03][%mdl 4096] Endgame. KRB-KRB} Rd6 41. Bg4 d4 42. exd4 Rxd4 43. Bf5 {[%emt 0:00:13] White wants to mate with Bg6.} Ra4 44. Bg6 {[%emt 0:00:13] White mates.} Rxa3+ 45. Kf4 Ra4+ 46. Ke5 Be8 47. e7+ Kg8 48. Rc8 Ra5+ 49. Kd6 {[%emt 0:00:06] Weighted Error Value: White=0.07 (flawless) /Black=0.48.  Loses game:     	---       	Black=1      Mistake:       	White=1     	Black=5      Inaccurate:     	White=3     	Black=2      OK:         	White=15    	Black=14     Best:        	White=1     	---        Strong:       	White=1     	---} 1-0